 Dungeon Crawl Stone Soup version 0.29.1-2-gbd0b4ee654 (webtiles) character file.

Game seed: 10017626486152462092

79 GorkyZ the Shield-Bearer (level 4, -12/28 HPs)
             Began as a Gargoyle Fighter on Nov 23, 2022.
             Mangled by an ogre
             ... wielding a +0 giant club
              (24 damage)
             ... on level 4 of the Dungeon.
             The game lasted 00:04:19 (1840 turns).

GorkyZ the Shield-Bearer (Gargoyle Fighter)         Turns: 1840, Time: 00:04:20

Health: -12/28     AC: 10    Str: 21    XL:     4   Next: 38%
Magic:  4/4        EV:  9    Int:  9    God:
Gold:   83         SH:  4    Dex:  9    Spells: 3/3 levels left

rFire   . . .      SeeInvis .   f - +2 short sword (venom)
rCold   . . .      Faith    .   c - +0 buckler
rNeg    + . .      Spirit   .   b - +0 scale mail
rPois   ∞          Reflect  .   (no helmet)
rElec   +          Harm     .   (no cloak)
rCorr   .          Rampage  .   (no gloves)
Will    +....                   (no boots)
Stlth   ..........              (no amulet)
HPRegen 0.09/turn               q - ring of willpower
MPRegen 0.09/turn               (no ring)

@: no status effects
A: sickness immunity, AC +3, negative energy resistance 1, electricity
resistance, torment resistance 1, petrification resistance
a: no special abilities


You were on level 4 of the Dungeon.
You visited 1 branch of the dungeon, and saw 3 of its levels.

You collected 83 gold pieces.

Inventory:

Hand Weapons
 a - a +0 war axe
 f - a +2 short sword of venom (weapon)
Missiles
 h - 3 boomerangs (quivered)
Armour
 b - a +0 scale mail (worn)
 c - a +0 buckler (worn)
Jewellery
 q - a ring of willpower (left hand)
Scrolls
 e - 3 scrolls of teleportation {unknown}
 g - a scroll of silence {unknown}
 j - a scroll of torment {unknown}
 k - a scroll of vulnerability {unknown}
 n - a scroll of noise {unknown}
Potions
 d - a potion of might
 i - 2 potions of haste {unknown}
 l - a potion of flight {unknown}
 m - a potion of curing {unknown}
 o - a potion of ambrosia {unknown}
 p - a potion of heal wounds {unknown}


   Skills:
 + Level 3.6 Fighting
 + Level 2.1 Axes
 + Level 1.0 Throwing
 + Level 3.6 Armour
 + Level 1.1 Dodging
 + Level 3.6 Shields
 + Level 1.2 Evocations


You had 3 spell levels left.
You didn't know any spells.
Your spell library was empty.

Dungeon Overview and Level Annotations

Branches:
Dungeon (2/15)

Altars:


Innate Abilities, Weirdness & Mutations

You are immune to sickness and miasma.
Your stone body is resilient. (AC +3)
You are immune to poison.
You resist negative energy. (rN+)
You are resistant to electric shocks. (rElec)
You are resistant to unholy torment.
You are immune to petrification.


Message History

The adder closely misses you. The adder completely misses you.
You miss the adder.
The adder is heavily wounded.
The adder bites you. You block the adder's attack.
You hit the adder.
You kill the adder!
Your Throwing skill increases to level 1!
No target in view!
No target in view!
No target in view!
No target in view!
No target in view!
HP restored.
You see here an adder corpse.
Found a whip.
No target in view!
An ogre and a black bear come into view.
The ogre shouts!
The black bear growls angrily.
You hear an angry hiss.
You see here a pink potion.
The ogre attacks as you move away! You block the ogre's attack.
You throw a boomerang.
The boomerang hits the ogre but does no damage.
You block the ogre's attack.
You are now empty-handed.
Your +2 short sword of venom begins to drip with poison!
f - a +2 short sword of venom (weapon)
You hit the ogre.
The ogre is poisoned.
The ogre is moderately wounded.
The ogre closely misses you.
You hit the ogre.
The ogre looks as sick as possible!
The ogre is heavily wounded.
The ogre hits you with a +0 giant club!
Ouch! That really hurt!
You hit the ogre.
The ogre looks as sick as possible!
The ogre is heavily wounded.
You barely miss the ogre.
The ogre is heavily wounded.
The ogre hits you with a +0 giant club!!
Ouch! That really hurt!
You die...

#.#......... ...# .#
##..#####.## #..# .# #..#
#..# .# #..# #..# .# #..# #
#..# h# #..####...# #..
.### #..........
#.#########....
#.#####...#####.........!.#
#.# #....@Oh..########.#
#.# ########..# .# #.# #..#
.# #.# #..####### .#
####.###### #....).... .#
#.........# #.#######. .#
#.##.####.# #†# ## #.##.#
#.# ######.#
#.##.####.###......#


You could see a black bear and an ogre (extremely poisoned).

Vanquished Creatures
  A gnoll (D:1)
  3 adders
  A dart slug (D:1)
  6 endoplasms
  A giant cockroach (D:1)
  2 hobgoblins
  4 jackals (D:1)
  2 quokkas
  6 ball pythons
  4 bats
  2 frilled lizards (D:1)
  4 kobolds (D:1)
  7 rats (D:1)
43 creatures vanquished.

Notes
Turn   | Place    | Note
-------+----------+-------------------------------------------
     0 | D:1      | GorkyZ the Gargoyle Fighter began the quest for the Orb.
     0 | D:1      | Reached XP level 1. HP: 14/14 MP: 1/1
   234 | D:1      | Reached XP level 2. HP: 19/19 MP: 2/2
   669 | D:1      | Found a faded altar of an unknown god.
   688 | D:1      | Reached XP level 3. HP: 23/23 MP: 3/3
  1434 | D:2      | Reached skill level 1 in Evocations
  1512 | D:2      | Reached skill level 1 in Dodging
  1512 | D:2      | Reached XP level 4. HP: 25/28 MP: 4/4
  1698 | D:2      | You fall into a shaft and drop 2 floors!
  1754 | D:4      | Reached skill level 1 in Throwing
  1821 | D:4      | Noticed an ogre
  1821 | D:4      | Noticed a black bear
  1840 | D:4      | Mangled by an ogre

Illustrated notes

Levels and vault maps discovered:
D:1:      dpeg_arrival_windows_large_door, layout_basic,
          shapermc_ecumenical_altar_flowoftime, nicolae_figureground_pulse
D:2:      layout_rooms
D:4:      layout_loops_ring, fedhas_altar_3, nicolae_qazlal_general_emergency,
          corexii_item_surrounded_by_moat

Skill      XL: |  1  2  3  4 |
---------------+-------------+-----
Axes           | 2 |  2.1
Evocations     | 1 |  1.2
Dodging        | 1 |  1.1
Throwing       | 1 |  1.0
Fighting       | |  3.6
Armour         | |  3.6
Shields        | |  3.6

Action                   |  1- 3 |  4- 6 || total
-------------------------+-------+-------++-------
Melee: War axe           |    89 |    32 ||   121
       Short sword       |     5 |     4 ||     9
Throw: Boomerang         |       |     1 ||     1
Armor: Scale mail        |    70 |    26 ||    96
Dodge: Dodged            |    45 |    26 ||    71
Block: Buckler           |    23 |    21 ||    44
